Map: Kairos Junction LE

Players

souL

  • Race: Terran Terran
  • Spawn Location: 11:00

SKillous - Winner!

  • Race: Protoss Protoss
  • Spawn Location: 5:00

Event: 2019 WCS Spring

VOD

Have the link to the VOD?

Description

Time

  • Played on: May 17, 2019, 1:25 p.m.
  • Length: 9:16

All games in this series

Show
View Real Time Build Order
Export as new Build Order

souL Terran 

Build Orders: Reaper Expand 

Get SALT Encoding   

  12  0:00  SCV  
  13  0:13  SCV  
  14  0:17  Supply Depot  
  14  0:25  SCV  
  15  0:39  SCV  
  15  0:40  Barracks  
  16  0:44  Refinery  
  16  0:51  SCV  
  17  1:03  SCV  
  18  1:15  SCV  
  19  1:28  Reaper, Orbital Command  
  20  1:49  Command Center  
  21  1:54  SCV  
  21  1:56  Supply Depot  
  21  2:00  Marine  
  22  2:06  SCV  
  23  2:12  Factory  
  23  2:18  SCV  
  23  2:21  Barracks Reactor  
  24  2:23  Refinery  
  24  2:30  SCV  
  25  2:39  Bunker  
  25  2:42  SCV  
  26  2:54  SCV  
  26  2:55  Factory Tech Lab  
  26  2:57  Marine x2  
  29  3:03  Orbital Command  
  29  3:06  SCV  
  29  3:14  Cyclone  
  29  3:15  Marine  
  29  3:16  Marine  
  29  3:19  SCV  
  35  3:24  Starport  
  35  3:30  SCV  
  35  3:31  SCV  
  35  3:32  Marine  
  38  3:34  Marine  
  38  3:38  Supply Depot  
  39  3:43  SCV x2  
  39  3:46  Siege Tank  
  44  3:50  Marine  
  44  3:55  SCV  
  46  3:59  Marine, Supply Depot  
  46  4:00  SCV  
  46  4:02  Starport Tech Lab  
  48  4:06  Supply Depot  
  48  4:07  SCV  
  48  4:08  Marine  
  50  4:12  SCV  
  51  4:19  SCV  
  51  4:24  SCV, Marine  
  55  4:29  Supply Depot  
  55  4:30  Raven  
  56  4:31  SCV  
  56  4:36  SCV  
  58  4:41  Command Center  
  58  4:43  SCV  
  59  4:48  SCV  
  59  4:50  Marine  
  59  4:51  Siege Tank, Marine  
  65  4:55  SCV  
  65  4:58  Supply Depot  
  65  5:00  SCV  
  65  5:05  Refinery  
  65  5:06  Refinery  
  66  5:07  SCV  
  66  5:12  SCV  
  68  5:19  SCV, Barracks  
  68  5:20  Starport Reactor  
  68  5:21  Stimpack, Marine  
  70  5:22  Barracks  
  70  5:25  SCV  
  71  5:32  SCV, Engineering Bay x2  
  72  5:37  SCV  
  72  5:38  Marine  
  74  5:42  Factory Reactor  
  74  5:44  SCV, Supply Depot  
  74  5:49  Supply Depot  
  76  5:50  SCV  
  76  5:54  Orbital Command  
  76  5:56  SCV, Marine  
  78  5:59  Terran Infantry Weapons Level 1  
  78  6:00  Terran Infantry Armor Level 1  
  78  6:05  SCV  
  78  6:06  Marine  
  78  6:08  SCV  
  78  6:09  Marine  
  82  6:15  Marauder, Combat Shield  
  82  6:17  Marauder  
  86  6:22  SCV x2  
  86  6:24  Orbital Command, Marine  
  89  6:26  Marine  
  89  6:29  Widow Mine x2  
  89  6:31  Medivac x2  
  98  6:34  SCV  
  98  6:35  SCV  
  98  6:36  Marauder  
  98  6:38  Marauder  
  103  6:40  Missile Turret, Sensor Tower  
  103  6:42  Marine  
  103  6:46  SCV  
  105  6:50  SCV x2  
  105  6:51  Widow Mine  
  105  6:52  Marine  
  110  6:55  Widow Mine  
  110  6:56  Supply Depot  
  110  6:57  Marauder  
  110  6:58  SCV  
  110  6:59  Marauder  
  117  7:08  Supply Depot  
  117  7:12  Supply Depot  
  117  7:17  SCV x2, Marine x2  
  117  7:18  Widow Mine  
  117  7:19  Marauder  
  117  7:20  Barracks  
  117  7:21  Barracks  
  117  7:22  Supply Depot  
  112  7:31  Orbital Command  
  112  7:34  Marauder, Medivac x2  
  112  7:36  Marine  
  95  7:37  Marine  
  95  7:40  Marauder  
  74  7:54  Marine  
  74  7:55  Marauder, Marine  
  75  8:01  Marauder  
  76  8:12  Marine  
  70  8:13  Marine  
  70  8:17  Marauder  
  72  8:20  Medivac  
  72  8:23  Marauder  
  72  8:24  Barracks Tech Lab, Barracks Reactor  
  72  8:25  Medivac  
  76  8:29  Marine  
  76  8:31  Marine  
  78  8:35  Widow Mine  
  78  8:38  Marauder  
  55  8:44  Marine  
Show
View Real Time Build Order
Export as new Build Order

SKillous Protoss - Winner!

Build Orders: 1 Gate Expand, Oracle Opening 

Get SALT Encoding   

  12  0:00  Probe  
  13  0:12  Probe  
  14  0:17  Pylon  
  14  0:24  Probe  
  15  0:32  Probe  
  15  0:38  Gateway  
  15  0:40  Probe  
  16  0:47  Assimilator  
  17  0:51  Probe  
  18  1:03  Probe  
  19  1:15  Probe  
  20  1:25  Nexus  
  20  1:35  Cybernetics Core  
  20  1:37  Probe  
  21  1:43  Assimilator  
  21  1:49  Probe  
  21  1:53  Pylon  
  22  2:01  Probe, Adept  
  23  2:14  Probe  
  26  2:18  Stargate  
  26  2:24  Stalker  
  26  2:25  Warp Gate  
  26  2:26  Probe  
  27  2:33  Probe  
  29  2:38  Probe  
  29  2:41  Probe  
  30  2:50  Probe  
  30  2:51  Probe  
  32  2:53  Oracle  
  33  3:02  Probe  
  33  3:03  Probe  
  38  3:14  Probe  
  38  3:15  Probe  
  38  3:19  Gateway  
  40  3:22  Gateway  
  40  3:26  Probe  
  41  3:27  Probe  
  41  3:32  Twilight Council  
  42  3:36  Probe  
  42  3:39  Probe  
  44  3:43  Pylon  
  44  3:44  Probe  
  45  3:51  Probe  
  46  3:59  Charge  
  46  4:07  Nexus  
  46  4:08  Pylon  
  48  4:20  Gateway  
  48  4:21  Gateway  
  48  4:23  Gateway  
  46  4:25  Gateway  
  46  4:29  Probe  
  46  4:30  Probe  
  48  4:35  Pylon  
  48  4:42  Sentry x2, Probe x2  
  54  4:54  Probe x2  
  54  4:55  Adept  
  58  5:04  Oracle  
  58  5:06  Probe x2  
  63  5:15  Gateway  
  63  5:16  Robotics Facility  
  63  5:18  Probe  
  63  5:19  Zealot x5  
  74  5:22  Probe  
  76  5:35  Sentry  
  79  5:37  Pylon  
  79  5:39  Pylon  
  77  5:42  Gateway  
  77  5:43  Gateway  
  77  5:46  Pylon  
  77  5:48  Pylon  
  77  5:49  Zealot x3  
  83  5:50  Probe  
  83  5:53  Pylon  
  83  5:55  Probe  
  83  5:56  Probe  
  86  5:58  Sentry  
  86  5:59  Pylon  
  86  6:00  Blink  
  88  6:06  Zealot x3  
  88  6:09  Probe x2  
  94  6:16  Warp Prism  
  93  6:20  Zealot x3  
  93  6:25  Zealot x2  
  105  6:32  Zealot x2  
  105  6:35  Zealot  
  111  6:43  Zealot x3  
  117  6:49  Zealot x3  
  117  6:53  Pylon x2  
  123  6:59  Zealot x3  
  115  7:34  Zealot  
  115  7:35  Zealot x7  
  115  7:36  Stalker x2  
  107  7:59  Stalker x6  
  107  8:00  Stalker x2, Zealot  
  107  8:01  Zealot  
  119  8:07  Probe  
  119  8:10  Probe x2  
  112  8:15  Assimilator, Probe  
  112  8:16  Assimilator x2  
  112  8:19  Assimilator  
  113  8:22  Zealot x4, Probe  
  113  8:23  Zealot x6, Probe  
  113  8:25  Probe  
  134  8:35  Probe  
Tags
 
Add a new tag
Caveats
  • Supply blocks, unpowered buildings, or Contaminate may cause inaccurate times.
  • Supply counts are checked every 10 seconds.